 Dungeon Crawl Stone Soup version 0.24-a0-189-g5d897e9104 (webtiles) character file.

Game seed: 2181220736925223252

172 MrRokkomies the Sneak (level 5, -2/34 HPs)
             Began as an Octopode Assassin on Mar 17, 2019.
             Slain by Grinder (4 damage)
             ... on level 3 of the Dungeon.
             The game lasted 00:06:35 (1967 turns).

MrRokkomies the Sneak (Octopode Assassin)           Turns: 1967, Time: 00:06:36

Health: -2/34      AC:  1    Str: 10    XL:     5   Next: 52%
Magic:  9/14       EV: 13    Int: 13    God:
Gold:   117        SH:  0    Dex: 15    Spells: 4/4 levels left

rFire    . . .     SeeInvis .   a - +0 dagger (elec)
rCold    . . .     Gourm    .   (no shield)
rNeg     . . .     Faith    .   (helmet restricted)
rPois    .         Spirit   .   (no amulet)
rElec    .         Reflect  .   r - ring of protection from magic
rCorr    .         Harm     .   t - ring of magical power
MR       +....                  (no ring)
Stlth    ++++......             (no ring)
HPRegen  0.11/turn              (no ring)
MPRegen  0.14/turn              (no ring)
                                (no ring)
                                (no ring)

@: no status effects
A: almost no armour, stealthy swim, amphibious, 8 rings, constrict 8, camouflage
1, gelatinous body 1
a: no special abilities


You were on level 3 of the Dungeon.
You were not hungry.

You visited 1 branch of the dungeon, and saw 3 of its levels.

You collected 117 gold pieces.

Inventory:

Hand Weapons
 a - a +0 dagger of electrocution (weapon)
 b - a +0 blowgun
Missiles
 c - 26 poisoned needles
 d - 2 curare-tipped needles
 g - 75 stones (quivered)
Jewellery
 i - an uncursed ring of fire
 r - a ring of protection from magic (left tentacle)
 t - a ring of magical power (right tentacle)
Potions
 e - a potion of might {unknown}
 h - a potion of brilliance {unknown}
 j - 2 potions of agility
 k - a potion of heal wounds {unknown}
 l - a potion of invisibility {unknown}
 m - a potion of curing {unknown}
 n - 2 potions of haste
 o - a potion of flight {unknown}
 p - 2 potions of lignification
Comestibles
 f - 5 rations


   Skills:
 - Level 2.0 Fighting
 * Level 3.7 Short Blades
 * Level 3.8 Throwing
 - Level 1.0 Dodging
 + Level 6.3 Stealth


You had 4 spell levels left.
You didn't know any spells.
Your spell library was empty.

Dungeon Overview and Level Annotations

Branches:
Dungeon (3/15)

Altars:
Gozag

Annotations:
D:3 Grinder


Innate Abilities, Weirdness & Mutations

You cannot wear most types of armour.
You are very stealthy in the water. (Stealth+)
You are amphibious.
You can wear up to eight rings at the same time.
You can use your tentacles to constrict eight enemies at once.
Your skin changes colour to match your surroundings (Stealth+).
Your rubbery body absorbs attacks. (AC +1, EV +1)


Message History

Grinder is lightly wounded.
You constrict Grinder.
Grinder blinks free!
Grinder gestures at you. You resist with almost no effort.
Grinder is nearby!
Found 8 gold pieces.
Found a club.
You see here a scroll of identify.
q - a scroll of identify Grinder gestures at you.
You suddenly lose the ability to move!
Grinder hits you!
You writhe in agony.
* * * LOW HITPOINT WARNING * * *
You can move again.
As you read the scroll of identify, it crumbles to dust.
p - 2 potions of lignification Grinder hits you.
* * * LOW HITPOINT WARNING * * *
You writhe in agony.
You die...

*****,* #######...............
,,,,,,** #..............#
,****,,**** ######..........
,**,,,,,,)** ###########
,*,,*≈,,*..** ####
,,,,≈≈≈≈≈.$.######### #...
,,*≈≈≈≈≈≈≈#.....(...##########.##
,,,≈≈≈≈≈≈≈..........##.........##
,,,≈≈≈\≈≈≈......@..)##.........##
*,,≈≈≈≈≈≈≈≈.....5...##.........##
*,*≈≈≈≈≈≈≈#....................##
*,,,≈≈≈≈≈...........##....†....##
**,,*,,≈*....##....#.†....#######
**,,,,,,...#*#....#.............
****,,,..#* #.................,
****##* #....######.######*
###### #.#,,,,,<


You could see Grinder.

Vanquished Creatures
  An orc wizard (D:3)
  Terence (D:2)
  3 adders
  2 oozes (D:3)
  3 dart slugs
  A leopard gecko (D:2)
  9 orcs
  2 giant cockroaches
  7 goblins
  4 hobgoblins
  6 jackals
  9 kobolds
  2 quokkas
  A ball python (D:3)
  7 bats
  3 frilled lizards
  5 rats
66 creatures vanquished.

Notes
Turn   | Place    | Note
-------+----------+-------------------------------------------
     0 | D:1      | MrRokkomies the Octopode Assassin began the quest for the
                  | Orb.
     0 | D:1      | Reached XP level 1. HP: 14/14 MP: 1/1
   237 | D:1      | Reached XP level 2. HP: 10/19 MP: 2/2
   929 | D:2      | Reached XP level 3. HP: 24/24 MP: 3/3
  1097 | D:2      | Noticed Terence
  1101 | D:2      | Killed Terence
  1101 | D:2      | Reached XP level 4. HP: 27/29 MP: 4/4
  1445 | D:3      | Reached skill level 6 in Stealth
  1616 | D:3      | Found an opulent altar of Gozag.
  1617 | D:3      | Reached XP level 5. HP: 34/34 MP: 5/5
  1939 | D:3      | Noticed Grinder
  1957 | D:3      | Paralysed by Grinder for 3 turns
  1965 | D:3      | Paralysed by Grinder for 2 turns
  1967 | D:3      | Slain by Grinder

Levels and vault maps discovered:
D:1:      lightli_arrival_farm, layout_basic
D:2:      layout_basic, uniq_terence
D:3:      layout_basic, nicolae_gozag_cash_rules_everything_around_me,
          cheibrodos_sewer_entry_drain, uniq_grinder

Skill      XL: |  1  2  3  4 |
---------------+-------------+-----
Short Blades   | 3 |  3.7
Throwing       | 3 |  3.8
Stealth        | 6 |  6.3
Fighting       | |  2.0
Dodging        | |  1.0

Action                   |  1- 3 |  4- 6 || total
-------------------------+-------+-------++-------
Melee: Dagger            |    56 |    82 ||   138
       Constrict         |    14 |    19 ||    33
       Tentacles         |     6 |    10 ||    16
 Fire: Blowgun           |       |    11 ||    11
  Use: Scroll            |     4 |     3 ||     7
 Stab: Sleeping          |    11 |     7 ||    18
  Eat: Chunk             |       |     3 ||     3
Armor: Skin              |     1 |     3 ||     4
Dodge: Dodged            |    29 |    54 ||    83

Table legend:
 A = Non-vault XP
 B = Vault XP
 C = Vault XP percentage of total XP
 D = Non-vault monster count
 E = Vault monster count
 F = Vault count percentage of total count
                 A         B        C        D         E       F
            +---------+---------+-------+---------+---------+-------
      Total |     209 |      37 |  15.0 |      64 |       2 |   3.0
            +---------+---------+-------+---------+---------+-------
        D:1 |      30 |       0 |   0.0 |      16 |       0 |   0.0
        D:2 |      52 |      36 |  40.9 |      20 |       1 |   4.8
        D:3 |     127 |       1 |   0.8 |      28 |       1 |   3.4
            +---------+---------+-------+---------+---------+-------
